[Event "Titled Tuesday Blitz June 13 Late 2023"]
[White "Prydun, Andriy"]
[Black "Perez, Maximiliano"]
[WhiteFideId "14145898"]
[BlackFideId "117234"]
[WhiteElo "2164"]
[BlackElo "2334"]
[Result "1/2-1/2"]
[Round "11"]
[TimeControl "180+2"]
[Date "2023.06.13"]
[WhiteClock "0:00:06"]
[BlackClock "0:00:10"]
[Board "52"]

1. e4 c5 2. Nf3 Nc6 3. Bb5 g6 4. O-O Bg7 5. c3 Nf6 6. Re1 O-O 7. d4 d5 8. e5 Ne4 9. h3 Qb6 10. Bxc6 Qxc6 11. Nbd2 Nxd2 12. Bxd2 Qb6 13. Qb3 c4 14. Qxb6 axb6 15. Nh2 b5 16. a3 h5 17. Bg5 f6 18. exf6 exf6 19. Bf4 Bf5 20. g4 hxg4 21. hxg4 Bd3 22. Re7 Rf7 23. Rae1 Bf8 24. R7e3 g5 25. Bg3 Be4 26. f3 Bd3 27. Nf1 Bg6 28. Bh2 Rd7 29. Ng3 Rdd8 30. Nf5 Bxf5 31. gxf5 Kf7 32. Re6 Re8 33. Kg2 Rxe6 34. Rxe6 Ra6 35. Re2 Ra8 36. Kh3 Re8 37. Rxe8 Kxe8 38. Kg4 Kf7 39. Kh5 Be7 40. Kh6 Bd8 41. Kh7 Ba5 42. Bd6 Bd8 43. Bb4 Bc7 44. Bc5 Bf4 45. Bb4 Bc1 46. Kh8 Bxb2 47. Kh7 Bc1 48. Kh8 Bf4 49. Kh7 Bc7 50. Kh8 Bd8 51. Kh7 Bc7 52. Kh6 Bf4 53. Kh7 Be3 54. Kh8 b6 55. Kh7 Bf4 56. Kh8 Be3 57. Kh7 Bd2 58. Kh8 Bc1 59. Kh7 Bd2 60. Kh8 Be3 1/2-1/2


[Site "https://www.chess.com"]

[Event "Titled Tuesday Blitz June 13 Late 2023"]
[White "Adury, Anant"]
[Black "Piesik, Piotr"]
[WhiteFideId "30964687"]
[BlackFideId "1136194"]
[WhiteElo "2384"]
[BlackElo "2303"]
[Result "1-0"]
[Round "11"]
[TimeControl "180+2"]
[Date "2023.06.13"]
[WhiteClock "0:01:14"]
[BlackClock "0:00:35"]
[Board "53"]

1. c4 g6 2. d4 Bg7 3. Nc3 d6 4. e4 Nd7 5. Be2 e5 6. d5 Ngf6 7. Nf3 Nc5 8. Qc2 a5 9. Bg5 h6 10. Be3 b6 11. h3 O-O 12. g4 Ne8 13. Nd2 Kh7 14. h4 f5 15. f3 fxe4 16. Ndxe4 Nxe4 17. Nxe4 Nf6 18. h5 Nxe4 19. Qxe4 Qf6 20. hxg6+ Qxg6 21. Bd3 Qxe4 22. Bxe4+ Kg8 23. Bxh6 Rf7 24. Bxg7 Rxg7 25. Ke2 Ba6 26. b3 Rf8 27. a4 Bc8 28. Ke3 Kf7 29. Rh6 Ke7 30. Rah1 Rf6 31. Rh8 Bd7 32. R8h7 Rff7 33. Rxg7 Rxg7 34. Rh6 Kf7 35. Kf2 Ke7 36. Kg3 Rf7 37. g5 Bf5 38. g6 Rf6 39. g7 1-0


[Site "https://www.chess.com"]

[Event "Titled Tuesday Blitz June 13 Late 2023"]
[White "MaryanKyrychenko"]
[Black "Kornyukov, Alexey"]
[BlackFideId "4150457"]
[WhiteElo "2576"]
[BlackElo "2352"]
[Result "0-1"]
[Round "11"]
[TimeControl "180+2"]
[Date "2023.06.13"]
[WhiteClock "0:00:43"]
[BlackClock "0:00:08"]
[Board "54"]

1. e4 c5 2. Nc3 Nc6 3. f4 g6 4. Nf3 Bg7 5. Bb5 Nd4 6. O-O Nxb5 7. Nxb5 d6 8. c4 a6 9. Nc3 b5 10. cxb5 axb5 11. Nxb5 Ba6 12. Qa4 Kf8 13. Re1 Nf6 14. Nc3 Qb6 15. Qc2 Ng4 16. Nd5 Qa7 17. h3 c4+ 18. Kh1 h5 19. a4 Qf2 20. Ra3 Qg3 21. Rf1 c3 22. d3 Bd4 23. Nxd4 Qh2# 0-1


[Site "https://www.chess.com"]

[Event "Titled Tuesday Blitz June 13 Late 2023"]
[White "Vaglio Munoz, Jaime"]
[Black "Druska, Juraj"]
[WhiteFideId "6500145"]
[BlackFideId "14915650"]
[WhiteElo "2199"]
[BlackElo "2415"]
[Result "1-0"]
[Round "11"]
[TimeControl "180+2"]
[Date "2023.06.13"]
[WhiteClock "0:01:25"]
[BlackClock "0:01:08"]
[Board "55"]

1. Nf3 b5 2. g3 Bb7 3. Bg2 c5 4. O-O Nc6 5. a4 a6 6. axb5 axb5 7. Rxa8 Qxa8 8. Na3 b4 9. Nc4 Nf6 10. d3 g6 11. e4 Bg7 12. e5 Nd5 13. Re1 O-O 14. Bg5 h6 15. Bd2 Qa2 16. h4 Ra8 17. h5 gxh5 18. Nh4 e6 19. Nd6 Ba6 20. Qxh5 Qxb2 21. Qxf7+ Kh8 22. Bxh6 Rg8 23. Qg6 Nd8 24. Be4 1-0


[Site "https://www.chess.com"]

[Event "Titled Tuesday Blitz June 13 Late 2023"]
[White "Mendez Fortes, Eduardo Jesus"]
[Black "Zavortink, Matt"]
[WhiteFideId "3502376"]
[BlackFideId "2034263"]
[WhiteElo "2307"]
[BlackElo "2478"]
[Result "1-0"]
[Round "11"]
[TimeControl "180+2"]
[Date "2023.06.13"]
[WhiteClock "0:01:16"]
[BlackClock "0:00:00"]
[Board "56"]

1. e4 e6 2. d4 d5 3. Nd2 c5 4. exd5 Qxd5 5. Ngf3 cxd4 6. Bc4 Qd7 7. O-O Nc6 8. Nb3 a6 9. Nbxd4 Nxd4 10. Nxd4 Bc5 11. c3 Bxd4 12. cxd4 b5 13. Bb3 Bb7 14. Qg4 Nf6 15. Qh4 O-O 16. Be3 Rac8 17. Rad1 Bd5 18. Bg5 Ne4 19. Bf4 Bxb3 20. axb3 Nf6 21. Rfe1 Nd5 22. Be5 f6 23. Bg3 Rc6 24. Qe4 Rfc8 25. h4 Qf7 26. Qf3 Qg6 27. Kh2 Kh8 28. Re2 Qf7 29. Rde1 Ne7 30. Bf4 Nf5 31. d5 exd5 32. Qg4 g6 33. h5 Rg8 34. Bd2 Rcc8 35. Bc3 d4 36. Bxd4 Nxd4 37. Qxd4 Rcd8 38. Qf4 gxh5 39. Re6 Rg6 40. Qf3 Rdg8 41. Kh1 h4 42. Re7 Qf8 43. Ra7 Rxg2 44. Qxg2 Rxg2 45. Kxg2 Qg8+ 46. Kf1 Qb8 47. Rae7 Qb6 48. Rc1 1-0


[Site "https://www.chess.com"]

[Event "Titled Tuesday Blitz June 13 Late 2023"]
[White "Hajiyev, Kanan"]
[Black "Womacka, Mathias"]
[WhiteFideId "13404148"]
[BlackFideId "4611390"]
[WhiteElo "2115"]
[BlackElo "2377"]
[Result "1-0"]
[Round "11"]
[TimeControl "180+2"]
[Date "2023.06.13"]
[WhiteClock "0:00:23"]
[BlackClock "0:00:02"]
[Board "57"]

1. d4 Nf6 2. Nf3 e6 3. c4 Bb4+ 4. Bd2 Qe7 5. Nc3 b6 6. Qc2 Bb7 7. g3 O-O 8. Bg2 d6 9. O-O Nbd7 10. Nb1 Bxd2 11. Nbxd2 c5 12. e3 Rac8 13. b3 cxd4 14. Nxd4 Bxg2 15. Kxg2 d5 16. Qb2 Ne5 17. cxd5 Nxd5 18. N2f3 Nxf3 19. Nxf3 Qf6 20. Qxf6 Nxf6 21. Rac1 Rfd8 22. Rfd1 Kf8 23. Nd4 Nd5 24. Nc6 Rxc6 25. Rxd5 Rxd5 26. Rxc6 Ke7 27. Rc7+ Rd7 28. Rc2 Rd1 29. h4 h5 30. Kf3 Kd6 31. Ke2 Ra1 32. Rd2+ Kc6 33. Rc2+ Kd6 34. Kd3 g6 35. Kc4 a6 36. Kd4 Rf1 37. Ke4 Ra1 38. Kf4 f6 39. Ke4 e5 40. Kd3 Kd5 41. e4+ Kd6 42. Kc4 Rd1 43. Re2 Rd4+ 44. Kc3 Rd1 45. Kc4 Rd4+ 46. Kc3 Rd1 47. Kc2 Rd4 48. f3 f5 49. Kc3 fxe4 50. fxe4 Ke6 51. a3 a5 52. a4 Kf6 53. Rf2+ Ke6 54. Re2 Kf6 55. Re1 g5 56. Rf1+ Kg6 57. hxg5 Rxe4 58. Rf6+ Kxg5 59. Rxb6 Re3+ 60. Kc4 Rxg3 61. Rb5 Kf4 62. Rxa5 h4 63. Ra8 h3 64. Rh8 Kf3 65. a5 Kg2 66. a6 Rg7 67. b4 e4 68. Kd4 Re7 69. Ke3 Re6 70. a7 Ra6 71. a8=Q Rxa8 72. Rxa8 h2 73. Rg8+ Kf1 74. Rh8 Kg2 75. b5 1-0


[Site "https://www.chess.com"]

[Event "Titled Tuesday Blitz June 13 Late 2023"]
[White "ArchibaldCerveza29"]
[Black "Sadovsky, Artem"]
[BlackFideId "4155840"]
[WhiteElo "2461"]
[BlackElo "2314"]
[Result "1-0"]
[Round "11"]
[TimeControl "180+2"]
[Date "2023.06.13"]
[WhiteClock "0:00:14"]
[BlackClock "0:00:00"]
[Board "58"]

1. e4 g6 2. d4 Bg7 3. Nc3 c6 4. h3 d5 5. Nf3 dxe4 6. Nxe4 Nd7 7. Bd3 Ngf6 8. Ned2 O-O 9. c3 e5 10. O-O Re8 11. dxe5 Nxe5 12. Nxe5 Rxe5 13. Qc2 Bxh3 14. Nf3 Rd5 15. Bc4 Bf5 16. Qb3 Rd7 17. Ne5 Rc7 18. Nxf7 Qe7 19. Bf4 b5 20. Nh6+ Kh8 21. Nxf5 gxf5 22. Be6 Rb7 23. Bxf5 Nd5 24. Bg3 Qg5 25. Be4 Rf8 26. Rad1 Ne3 27. Qe6 Nxf1 28. Rxf1 Re7 29. Qxc6 b4 30. cxb4 Rf6 31. Qa8+ Rf8 32. Qc6 Bd4 33. Qd5 Qg7 34. Bf3 Rd7 35. Qc6 Rf6 36. Qa8+ Rf8 37. Qc6 Rxf3 38. Qxf3 Rf7 39. Qa8+ Rf8 40. Qd5 Bb6 41. Qb3 Rg8 42. Qc3 Qxc3 43. bxc3 Rxg3 44. c4 Rc3 45. c5 Bc7 46. Rd1 Rc4 47. g3 Rxb4 48. Rd7 Rb1+ 49. Kg2 Ba5 50. Rxa7 Bb4 51. c6 Rc1 52. c7 Bf8 53. Ra8 Rxc7 54. Rxf8+ Kg7 55. Ra8 Rc2 56. Ra6 Rc6 57. Rxc6 h5 58. Ra6 h4 59. gxh4 Kh7 60. a4 Kg7 61. a5 Kh7 62. Rb6 Kg7 63. a6 Kh7 64. a7 Kg7 65. a8=Q Kh7 66. Qa7+ 1-0


[Site "https://www.chess.com"]

[Event "Titled Tuesday Blitz June 13 Late 2023"]
[White "Kabilov, Amin"]
[Black "Benedetti, Julio"]
[WhiteFideId "14700859"]
[BlackFideId "172545"]
[WhiteElo "2110"]
[BlackElo "2263"]
[Result "1-0"]
[Round "11"]
[TimeControl "180+2"]
[Date "2023.06.13"]
[WhiteClock "0:00:23"]
[BlackClock "0:00:00"]
[Board "59"]

1. d4 Nf6 2. Nf3 g6 3. c4 Bg7 4. Nc3 O-O 5. e4 d6 6. Be2 e5 7. O-O Nc6 8. d5 Ne7 9. b4 Re8 10. c5 Nd7 11. Ba3 Bh6 12. cxd6 cxd6 13. b5 Nf8 14. Bb4 f5 15. Nxe5 fxe4 16. Nc4 Nf5 17. Nxe4 Rxe4 18. Bd3 Rd4 19. Qb3 Qg5 20. Bxf5 Bxf5 21. Nxd6 Rg4 22. g3 Bg7 23. Rae1 Rd8 24. Nxb7 Rd7 25. Nc5 Rd8 26. Ne6 Nxe6 27. dxe6 Re8 28. e7+ Kh8 29. Qf7 Bd7 30. Bc3 Qh6 31. Qf8+ 1-0


[Site "https://www.chess.com"]

[Event "Titled Tuesday Blitz June 13 Late 2023"]
[White "Pert, Richard G"]
[Black "Nikologorsky, Matfei"]
[WhiteFideId "404748"]
[BlackFideId "24102474"]
[WhiteElo "2441"]
[BlackElo "2153"]
[Result "1-0"]
[Round "11"]
[TimeControl "180+2"]
[Date "2023.06.13"]
[WhiteClock "0:00:53"]
[BlackClock "0:00:19"]
[Board "60"]

1. e4 c5 2. d4 cxd4 3. c3 dxc3 4. Nxc3 Nc6 5. Nf3 d6 6. Bc4 e6 7. O-O Nf6 8. Qe2 Be7 9. Rd1 e5 10. Be3 Bg4 11. Rac1 O-O 12. h3 Bxf3 13. Qxf3 a6 14. Bb3 Rc8 15. Na4 Nd7 16. Nc3 Na5 17. Bd5 Nf6 18. Na4 Nxd5 19. Rxd5 Nc4 20. Rcd1 Nxe3 21. Qxe3 b5 22. Nc3 Qc7 23. R5d3 Qb7 24. Nd5 Bd8 25. Qf3 Rc2 26. b3 Rxa2 27. Qg4 g6 28. Rf3 Rc2 29. Ne3 Rc6 30. Nf5 Kh8 31. Nxd6 Qc7 32. Nxf7+ Rxf7 33. Rxf7 Qxf7 34. Rxd8+ Kg7 35. Rd7 1-0


[Site "https://www.chess.com"]

[Event "Titled Tuesday Blitz June 13 Late 2023"]
[White "Fedotov, Nikita"]
[Black "Bueno, Alfeu Junior Varela"]
[WhiteFideId "24161446"]
[BlackFideId "2108879"]
[WhiteElo "2211"]
[BlackElo "2175"]
[Result "1-0"]
[Round "11"]
[TimeControl "180+2"]
[Date "2023.06.13"]
[WhiteClock "0:01:34"]
[BlackClock "0:00:14"]
[Board "61"]

1. e4 e6 2. d4 d5 3. exd5 exd5 4. Nf3 Nc6 5. Bd3 Bg4 6. c3 Bd6 7. O-O Qd7 8. Nbd2 O-O-O 9. b4 h6 10. Qa4 Kb8 11. Re1 f6 12. b5 Nce7 13. Ba3 Bf5 14. Bf1 g5 15. Nb3 Bc2 16. Rac1 Bxb3 17. axb3 Nc8 18. c4 Bxa3 19. Qxa3 h5 20. c5 c6 21. bxc6 Qxc6 22. b4 h4 23. b5 Qc7 24. Ra1 g4 25. b6 Qf4 26. bxa7+ Ka8 27. c6 Rh7 28. Reb1 b6 29. Ba6 Nd6 30. Ne5 fxe5 31. Qxd6 Rxd6 32. Bb7+ Rxb7 33. cxb7+ Kxb7 34. a8=Q+ Kc7 35. Ra7# 1-0


[Site "https://www.chess.com"]

[Event "Titled Tuesday Blitz June 13 Late 2023"]
[White "FuenfgegenWilly"]
[Black "Yeritsyan, Hayk"]
[BlackFideId "13307320"]
[WhiteElo "2419"]
[BlackElo "2511"]
[Result "1/2-1/2"]
[Round "11"]
[TimeControl "180+2"]
[Date "2023.06.13"]
[WhiteClock "0:00:03"]
[BlackClock "0:00:08"]
[Board "62"]

1. Nf3 d5 2. e3 Nf6 3. c4 c6 4. Nc3 Bf5 5. b3 e6 6. Bb2 h6 7. h3 Bd6 8. g4 Bh7 9. Bg2 O-O 10. d4 Na6 11. a3 Nb8 12. Ne2 Nbd7 13. Ng3 Bxg3 14. fxg3 Qc7 15. Ne5 Nxe5 16. dxe5 Nd7 17. Qd4 dxc4 18. bxc4 Rad8 19. O-O Nb6 20. Qc5 Na4 21. Qb4 Nxb2 22. Qxb2 Rd3 23. Rab1 Rxe3 24. Qxb7 Qxe5 25. Rb3 Qxg3 26. Rxe3 Qxe3+ 27. Kh1 Be4 28. Bxe4 Qxe4+ 29. Kg1 Qe3+ 30. Kg2 Qe4+ 31. Rf3 Qxc4 32. Qxa7 Qe2+ 33. Kg3 Qe1+ 34. Kg2 Qe4 35. Kg3 Qe5+ 36. Kg2 Qd5 37. Kg3 c5 38. Qc7 f6 39. Rc3 Ra8 40. Kh4 Qg5+ 41. Kg3 Qe5+ 42. Qxe5 fxe5 43. Kf3 Ra4 44. Rxc5 Rxa3+ 45. Kg2 Ra2+ 46. Kg3 Ra3+ 47. Kg2 Kf7 48. Rxe5 Kf6 49. Rb5 e5 50. h4 Rc3 51. Rb6+ Kf7 52. g5 hxg5 53. hxg5 Rd3 54. Kf2 Rc3 55. Kg2 Rd3 56. Kf2 Ra3 57. Kg2 Kg8 58. g6 Kf8 59. Re6 Ra5 60. Kf3 Ra3+ 61. Ke4 Ra1 62. Kxe5 Re1+ 63. Kd6 Rd1+ 64. Kc7 Rg1 65. Kd7 Rd1+ 66. Rd6 Rxd6+ 67. Kxd6 Kg8 68. Ke6 Kh8 69. Ke7 Kg8 70. Ke8 Kh8 71. Ke7 Kg8 72. Kd7 Kh8 73. Kd6 Kg8 74. Ke6 Kf8 75. Kd6 Ke8 76. Ke6 Kf8 77. Kd7 Kg8 78. Ke8 Kh8 79. Kf7 1/2-1/2


[Site "https://www.chess.com"]

[Event "Titled Tuesday Blitz June 13 Late 2023"]
[White "Szente Varga, Fruzsina"]
[Black "Haszon, David"]
[WhiteFideId "712264"]
[BlackFideId "733610"]
[WhiteElo "1994"]
[BlackElo "2210"]
[Result "0-1"]
[Round "11"]
[TimeControl "180+2"]
[Date "2023.06.13"]
[WhiteClock "0:00:07"]
[BlackClock "0:00:14"]
[Board "63"]

1. e4 c5 2. Nf3 e6 3. b3 d5 4. exd5 exd5 5. Bb5+ Bd7 6. Bxd7+ Nxd7 7. O-O Be7 8. Re1 Ngf6 9. Qe2 Kf8 10. Ba3 b6 11. d4 Bd6 12. dxc5 bxc5 13. Nbd2 Qc7 14. c4 d4 15. Qd3 Kg8 16. Ne4 Nxe4 17. Qxe4 Rf8 18. h3 Nf6 19. Qf5 h5 20. Re2 Rh6 21. Rae1 Rg6 22. Nh4 Rh6 23. Bc1 Rh7 24. Qg5 Qd8 25. Nf5 Bb8 26. Ne7+ Kh8 27. Qxc5 d3 28. Rd2 Re8 29. Ba3 Bf4 30. Rdd1 d2 31. Re2 Rh6 32. Qf5 Qd4 33. Ng6+ Rxg6 34. Rxe8+ Nxe8 35. Qxh5+ Bh6 36. Qe2 Re6 37. Qf3 Re1+ 38. Kh2 Qf4+ 39. Qxf4 Bxf4+ 40. g3 Rxd1 41. gxf4 Ra1 0-1


[Site "https://www.chess.com"]

[Event "Titled Tuesday Blitz June 13 Late 2023"]
[White "Zhou, Qiyu"]
[Black "Martins, Vinicius Tine"]
[WhiteFideId "505161"]
[BlackFideId "2112884"]
[WhiteElo "2101"]
[BlackElo "2373"]
[Result "1-0"]
[Round "11"]
[TimeControl "180+2"]
[Date "2023.06.13"]
[WhiteClock "0:01:08"]
[BlackClock "0:01:18"]
[Board "64"]

1. e4 c5 2. Nf3 d6 3. d4 cxd4 4. Nxd4 Nf6 5. Nc3 g6 6. Be3 Bg7 7. f3 O-O 8. Qd2 Nc6 9. O-O-O Nxd4 10. Bxd4 Be6 11. Kb1 Re8 12. g4 Qa5 13. h4 Rab8 14. g5 Nh5 15. Bxg7 Kxg7 16. Bh3 Bxh3 17. Rxh3 Qe5 18. Nd5 Rbc8 19. Rhh1 e6 20. Ne3 Rc6 21. Ng4 Qf4 22. Qd4+ e5 23. Qd3 Rec8 24. c3 a6 25. Ne3 Qxf3 26. Nf5+ 1-0


[Site "https://www.chess.com"]

[Event "Titled Tuesday Blitz June 13 Late 2023"]
[White "Osmak, Yuliia"]
[Black "Mazurkiewicz, Michal"]
[WhiteFideId "14101602"]
[BlackFideId "1124943"]
[WhiteElo "2303"]
[BlackElo "2063"]
[Result "0-1"]
[Round "11"]
[TimeControl "180+2"]
[Date "2023.06.13"]
[WhiteClock "0:00:57"]
[BlackClock "0:01:43"]
[Board "65"]

1. b3 Nf6 2. Bb2 g6 3. e3 Bg7 4. Nf3 O-O 5. Be2 d6 6. O-O e5 7. d4 e4 8. Nfd2 Bf5 9. c4 Nbd7 10. Nc3 Re8 11. g4 Nxg4 12. Bxg4 Qg5 13. h3 h5 14. Ndxe4 Bxe4 15. f4 Qh4 16. Nxe4 hxg4 17. Ng5 Rxe3 18. Rf2 f6 19. hxg4 fxg5 20. Rh2 Rg3+ 21. Kh1 Rh3 0-1


[Site "https://www.chess.com"]

[Event "Titled Tuesday Blitz June 13 Late 2023"]
[White "Zhukov, Maksim"]
[Black "Rios Escobar, Adan"]
[WhiteFideId "34181790"]
[BlackFideId "3403645"]
[WhiteElo "1925"]
[BlackElo "2492"]
[Result "1/2-1/2"]
[Round "11"]
[TimeControl "180+2"]
[Date "2023.06.13"]
[WhiteClock "0:00:40"]
[BlackClock "0:00:14"]
[Board "66"]

1. e4 c5 2. Nf3 d6 3. d4 cxd4 4. Nxd4 Nf6 5. f3 e5 6. Nb3 a5 7. Bb5+ Bd7 8. a4 Bxb5 9. axb5 d5 10. Bg5 d4 11. c3 Nbd7 12. cxd4 Bb4+ 13. Nc3 Qb6 14. O-O O-O 15. Bxf6 Nxf6 16. Kh1 exd4 17. Qxd4 Qe6 18. Nd5 Rfd8 19. Nxf6+ gxf6 20. Qe3 a4 21. Nd4 Qb6 22. Nf5 Qxe3 23. Nxe3 Rd2 24. Rfb1 Bc5 25. Nd5 f5 26. Nc3 Bd4 27. Rxa4 Rxa4 28. Nxa4 fxe4 29. fxe4 Re2 30. Nc3 Re3 31. g3 Kf8 32. Rd1 Bxc3 33. bxc3 Rxc3 34. Rd7 Rc4 35. Rxb7 Rxe4 36. Kg2 Re3 37. Kf2 Rb3 38. b6 Kg7 39. Rb8 Rb2+ 40. Kf3 Rxh2 41. Ke4 Rg2 42. b7 Rb2 43. Kf4 h6 44. Kg4 Rb4+ 45. Kh3 Rb3 46. Kh4 Rb4+ 47. g4 f5 48. Rc8 Rxb7 49. gxf5 Kf6 50. Rc6+ Kxf5 51. Rxh6 Rb1 52. Kg3 Rb3+ 53. Kf2 Rb2+ 54. Ke3 Rb3+ 55. Kd4 Rb4+ 56. Kd5 Rb1 57. Rh8 Rd1+ 58. Kc4 Ke5 59. Rf8 Rc1+ 60. Kd3 Rd1+ 61. Ke2 Ra1 62. Re8+ Kd4 63. Rd8+ Ke4 64. Rd2 Rh1 65. Rd7 Rh2+ 66. Kf1 Ra2 67. Rb7 Ke3 68. Rb3+ Kf4 69. Ke1 Ke4 70. Kd1 Kd4 71. Rh3 Kc4 72. Rh4+ Kd3 73. Rh3+ Kd4 74. Rh4+ Ke3 75. Rh3+ Ke4 76. Rh4+ Kd3 77. Rh3+ Kc4 78. Rh4+ Kb3 79. Rh3+ Kb4 80. Rh4+ Kc5 81. Rh5+ Kd4 82. Rh4+ Ke5 83. Rh3 Kf4 84. Rb3 Kg4 85. Rb4+ Kg5 86. Rb3 Kg6 87. Kc1 Kf5 88. Rb2 Ra3 89. Kc2 Rh3 90. Rb5+ Ke4 91. Rb4+ Kd5 92. Rb5+ Kc4 93. Rb8 Rh2+ 94. Kd1 Kd3 95. Rd8+ Ke3 96. Re8+ Kd3 97. Rd8+ Kc3 98. Ke1 Kc4 99. Kf1 Ra2 100. Rc8+ Kd4 101. Rd8+ 1/2-1/2


[Site "https://www.chess.com"]

[Event "Titled Tuesday Blitz June 13 Late 2023"]
[White "Omariev, Maksim"]
[Black "Toniutti, Ezio"]
[WhiteFideId "4193423"]
[BlackFideId "113034"]
[WhiteElo "2370"]
[BlackElo "2215"]
[Result "1-0"]
[Round "11"]
[TimeControl "180+2"]
[Date "2023.06.13"]
[WhiteClock "0:00:06"]
[BlackClock "0:00:00"]
[Board "67"]

1. e4 e5 2. Nf3 Nc6 3. Bb5 a6 4. Ba4 d6 5. O-O Bg4 6. h3 h5 7. Bxc6+ bxc6 8. d3 Qf6 9. Be3 Bxf3 10. Qxf3 Qxf3 11. gxf3 Ne7 12. f4 exf4 13. Bxf4 g5 14. Be3 Bg7 15. Nc3 Kd7 16. Rab1 Rab8 17. f4 gxf4 18. Bxf4 f5 19. exf5 Rhf8 20. Bg5 Bxc3 21. bxc3 Rxb1 22. Rxb1 Rg8 23. h4 Nxf5 24. Kf2 Rf8 25. Kg2 Ne7 26. Rb7 Nd5 27. c4 Nc3 28. Bd2 Ne2 29. Ra7 Nd4 30. c3 Nf3 31. Bg5 Ne5 32. d4 Nxc4 33. Rxa6 Re8 34. a4 Re2+ 35. Kf3 Ra2 36. Ra8 Ra3 37. Ke4 Rxc3 38. a5 d5+ 39. Kf5 Nd6+ 40. Kg6 Ra3 41. Kxh5 Nf5 42. Kg6 Nxd4 43. h5 Ne6 44. Kf5 Rf3+ 45. Kg4 Rf1 46. Bh4 Rg1+ 47. Bg3 Nc5 48. Kf3 Ne4 49. Bh2 Rg5 50. Bf4 Rxh5 51. a6 Rh3+ 52. Kg4 Ra3 53. a7 Nd6 54. Bg5 Nf7 55. Bf6 Ke6 56. Bh4 Ra4+ 57. Kh5 Kd7 58. Bf6 c5 59. Kg6 Nd6 60. Rd8+ Kc6 61. a8=Q+ Rxa8 62. Rxa8 c4 63. Kg5 Kc5 64. Kf4 d4 65. Be7 c3 66. Bxd6+ cxd6 67. Ke4 Kc4 68. Rc8+ Kb3 69. Kd3 1-0


[Site "https://www.chess.com"]

[Event "Titled Tuesday Blitz June 13 Late 2023"]
[White "Ricaurte Lopez, Juan Carlos"]
[Black "Wizard_of_Odds"]
[WhiteFideId "3600327"]
[WhiteElo "2200"]
[BlackElo "2480"]
[Result "0-1"]
[Round "11"]
[TimeControl "180+2"]
[Date "2023.06.13"]
[WhiteClock "0:00:00"]
[BlackClock "0:00:04"]
[Board "68"]

1. e4 c5 2. d4 cxd4 3. c3 dxc3 4. Nxc3 Nc6 5. Bc4 e6 6. Nf3 Nf6 7. e5 d5 8. exf6 dxc4 9. Qxd8+ Nxd8 10. Bg5 h6 11. Bh4 gxf6 12. Bxf6 Rg8 13. O-O-O Be7 14. Bxe7 Kxe7 15. g3 Bd7 16. Ne5 Bc6 17. Rhe1 Rc8 18. Nxc4 Bf3 19. Rd4 Nc6 20. Rf4 Nb4 21. Ne5 Nxa2+ 22. Kc2 Bh5 23. Ra1 Nxc3 24. bxc3 Rc5 25. Nc4 Rgc8 26. Kb3 e5 27. Re4 f6 28. Rxa7 R8c7 29. Na5 Rxc3+ 30. Kb4 Rc1 31. Kb5 Rb1+ 32. Rb4 Be8+ 33. Kb6 Rxb4+ 34. Kxc7 Ra4 35. Kxb7 Ke6 36. Kb6 Kf5 37. Re7 Rb4+ 38. Kc7 Ba4 39. Nb7 Rb2 40. Nd6+ Kg4 0-1


[Site "https://www.chess.com"]

[Event "Titled Tuesday Blitz June 13 Late 2023"]
[White "Kavutskiy, Konstantin"]
[Black "Elaisaz"]
[WhiteFideId "2026384"]
[WhiteElo "2323"]
[BlackElo "2305"]
[Result "0-1"]
[Round "11"]
[TimeControl "180+2"]
[Date "2023.06.13"]
[WhiteClock "0:00:00"]
[BlackClock "0:00:21"]
[Board "69"]

1. e4 c5 2. Nf3 Nc6 3. d4 cxd4 4. Nxd4 Nf6 5. Nc3 e5 6. Ndb5 d6 7. Bg5 a6 8. Na3 b5 9. Nab1 Be7 10. Bxf6 Bxf6 11. a4 b4 12. Nd5 Bg5 13. Bc4 O-O 14. O-O Be6 15. Nd2 Bxd2 16. Qxd2 Qa5 17. b3 Qc5 18. Rad1 Kh8 19. Rfe1 a5 20. Nc7 Bxc4 21. Nxa8 Nd4 22. bxc4 Rxa8 23. c3 bxc3 24. Qxc3 Rc8 25. Rb1 g6 26. h3 Qxc4 27. Qxa5 Ne2+ 28. Kh2 Qxe4 29. Qd2 Rc2 30. Qxd6 Qf4+ 31. Kh1 Kg7 32. Rf1 Qe4 33. Kh2 Qf4+ 34. Kh1 Qe4 35. Kh2 Nf4 36. f3 Rxg2+ 37. Kh1 Qe2 0-1


[Site "https://www.chess.com"]

[Event "Titled Tuesday Blitz June 13 Late 2023"]
[White "Fiorito, Francisco"]
[Black "Kaplan, Avi Harrison"]
[WhiteFideId "180165"]
[BlackFideId "30934559"]
[WhiteElo "2319"]
[BlackElo "1983"]
[Result "1/2-1/2"]
[Round "11"]
[TimeControl "180+2"]
[Date "2023.06.13"]
[WhiteClock "0:00:26"]
[BlackClock "0:00:06"]
[Board "70"]

1. d4 Nf6 2. Nc3 b5 3. Nxb5 c5 4. d5 g6 5. Nc3 Bg7 6. e4 d6 7. Bb5+ Bd7 8. a4 O-O 9. Nf3 a6 10. Bc4 e6 11. O-O exd5 12. exd5 Bg4 13. h3 Bxf3 14. Qxf3 Nbd7 15. Bf4 Re8 16. a5 Ne5 17. Bxe5 Rxe5 18. Rfe1 Nd7 19. Rxe5 Nxe5 20. Qe2 Nxc4 21. Qxc4 Qb8 22. Rb1 Qb4 23. Qxb4 cxb4 24. Ne4 Rc8 25. c3 Be5 26. cxb4 Rc4 27. Nd2 Rxb4 28. b3 Rb5 29. Nc4 Rxd5 30. g3 Bc3 31. Kg2 Bxa5 32. Ra1 Bb4 33. Rxa6 Rd3 34. Rb6 Rxb3 35. Nxd6 Rb2 36. Rb8+ Kg7 37. Ne8+ Kh6 38. Rb7 Re2 39. Nf6 Bc5 40. Ng4+ Kg7 41. Rb5 Rc2 42. Kf3 h5 43. Ne3 Bxe3 44. fxe3 Rh2 45. h4 Ra2 46. Rb7 Ra6 47. e4 Ra3+ 48. Kf4 Kf6 49. e5+ Ke6 50. Rb6+ Ke7 51. Rb7+ Kf8 52. Rd7 Ke8 53. Rb7 Kf8 54. Rc7 Ke8 55. Rc1 Ke7 56. Rb1 Ra4+ 57. Kf3 Ke6 58. Rb7 Ra5 59. Kf4 Ra4+ 60. Kf3 Ra1 61. Rc7 Rf1+ 62. Ke3 Kxe5 63. Ke2 Rf5 64. Ke3 Kf6 65. Ke2 Kg7 66. Ke3 Ra5 67. Kf3 Ra2 68. Rb7 Ra5 69. Rc7 Kf6 70. Rb7 Ra6 71. Kg2 Re6 72. Kh3 Re7 73. Rb6+ Kg7 74. Rc6 Ra7 75. Rb6 f6 76. Kg2 Re7 77. Kf3 Kf7 78. Kf4 Rd7 79. Rb4 Rc7 80. Rb6 Rc4+ 81. Kf3 Rc3+ 82. Kf4 Rc7 83. Ra6 Re7 84. Rc6 Kg7 85. Rd6 Rf7 86. Re6 Ra7 87. Rb6 Ra5 88. Rb7+ Kf8 89. Rh7 Rf5+ 90. Ke3 Kg8 91. Ra7 Kf8 92. Ke4 Re5+ 93. Kd4 Re1 94. Kd5 Re3 95. Ra6 Kg7 96. Ra7+ Kh6 97. Ra4 Rxg3 98. Ke6 f5 99. Kf6 Rb3 100. Ra8 Rb6+ 101. Kf7 Kh7 102. Ra4 Rc6 103. Rd4 Kh6 104. Rd8 Rc7+ 105. Kf6 Kh7 106. Rd4 Ra7 107. Rb4 Ra6+ 108. Kf7 Ra7+ 109. Kf8 Rd7 110. Ke8 Ra7 111. Kf8 Rc7 112. Rd4 Kh6 113. Kg8 Rc6 114. Rd7 Rc8+ 115. Kf7 f4 116. Rd6 f3 117. Rxg6+ Kh7 118. Rg5 Kh6 119. Rg6+ Kh7 120. Rf6 Rc7+ 121. Kf8 Rc8+ 122. Ke7 Rc7+ 123. Kd6 Rc3 124. Ke7 Ra3 125. Kf7 Ra7+ 126. Kf8 Ra8+ 127. Ke7 Ra7+ 128. Ke8 Ra4 129. Kf7 Rxh4 130. Rxf3 Rg4 131. Rf5 Kh6 132. Ra5 Rg7+ 133. Kf6 Rg6+ 134. Kf7 Rb6 135. Ra4 Kg5 136. Ra5+ Kg4 137. Ra4+ Kg5 138. Ra5+ Kh6 139. Ra4 Rc6 140. Rd4 Rg6 141. Ra4 Rg4 142. Ra6+ Kg5 143. Ra5+ Kh4 144. Kf6 Rf4+ 145. Kg6 Rg4+ 146. Kh6 Kg3 147. Kxh5 Rb4 148. Ra3+ Kf4 149. Ra8 Re4 150. Rg8 Ke3 151. Ra8 Kd4 152. Kg5 Ke5 153. Ra7 Kd4 154. Kf5 Re5+ 155. Kf4 Re8 156. Ra4+ Kc5 157. Ra1 Kc4 158. Rb1 Kc3 159. Ra1 Kb2 160. Rh1 Kc3 161. Rh3+ Kd4 162. Rh1 Rf8+ 163. Kg5 Ke3 164. Re1+ Kd2 165. Re7 Kd3 166. Rd7+ Ke4 167. Ra7 Kd4 168. Ra4+ Ke5 169. Ra5+ Ke6 170. Ra6+ Ke5 171. Ra1 Rg8+ 172. Kh6 Kf6 173. Rf1+ Ke6 174. Re1+ Kf5 175. Rf1+ Ke5 176. Re1+ Kf6 177. Rf1+ Ke6 178. Ra1 Rg2 179. Ra8 Kf7 180. Ra7+ Kf6 181. Kh5 Kf5 182. Kh4 Rg8 183. Ra5+ Kf4 184. Ra4+ Kf3 185. Kh5 Rg1 186. Kh4 Rg8 187. Kh5 Ke3 188. Kh6 Rg1 189. Ra3+ Ke4 190. Ra4+ Ke5 191. Ra5+ Ke6 192. Ra6+ Kf7 193. Ra7+ Kf6 194. Ra6+ Ke7 195. Ra7+ Ke6 196. Ra8 Kf7 197. Kh5 1/2-1/2


[Site "https://www.chess.com"]